 Dungeon Crawl Stone Soup version 0.29.1-12-g30fa7ad0bf (webtiles) character file.

Game seed: 3195251100710897197

216 javelincjr the Magician (level 5, -6/24 HPs)
             Began as a Spriggan Conjurer on Jan 10, 2023.
             Mangled by Crazy Yiuf
             ... wielding a +4 quarterstaff of chaos
              (17 damage)
             ... on level 2 of the Dungeon.
             The game lasted 00:07:53 (1861 turns).

javelincjr the Magician (Spriggan Conjurer)         Turns: 1861, Time: 00:07:54

Health: -6/24      AC:  4    Str:  5    XL:     5   Next: 61%
Magic:  4/12       EV: 17    Int: 19    God:
Gold:   78         SH:  0    Dex: 14    Spells: 9/12 levels left

rFire   . . .      SeeInvis +   f - +0 short sword
rCold   + . .      Faith    .   (no shield)
rNeg    . . .      Spirit   .   q - +2 robe {rC+}
rPois   .          Reflect  .   (helmet restricted)
rElec   .          Harm     .   (no cloak)
rCorr   .          Rampage  .   (gloves unavailable)
Will    .....                   (boots unavailable)
Stlth   ++........              (no amulet)
HPRegen 0.08/turn               (no ring)
MPRegen 0.13/turn               (no ring)

@: very quick
A: very small, no large weapons, unfitting armour, see invisible, speed 3
a: no special abilities


You were on level 2 of the Dungeon.
You visited 1 branch of the dungeon, and saw 2 of its levels.

You collected 78 gold pieces.

Inventory:

Hand Weapons
 f - a +0 short sword (weapon)
Missiles
 g - 20 stones (quivered)
Armour
 q - a +2 robe of cold resistance (worn)
Potions
 b - a potion of magic
 e - a potion of might {unknown}
 h - a potion of invisibility {unknown}
 j - 3 potions of heal wounds
 k - a potion of flight {unknown}
 m - a potion of resistance {unknown}


   Skills:
 + Level 0.3 Short Blades
 + Level 3.2 Dodging
 + Level 3.5 Stealth
 + Level 4.4 Spellcasting
 + Level 4.4 Conjurations


You had 9 spell levels left.
You knew the following spells:

 Your Spells              Type           Power      Damage    Failure   Level
a - Magic Dart            Conj           84%        1d7       2%          1
b - Searing Ray           Conj           42%        2d6       3%          2

Your spell library contained the following spells:

 Spells                   Type           Power      Damage    Failure   Level
 Dazzling Flash           Conj/Hex       24%        N/A       16%         3
 Summon Guardian Golem    Hex/Summ       4%         N/A       36%         3
 Fulminant Prism          Conj/Hex       6%         3d7       47%         4
 Iskenderun's Mystic Bla  Conj/Tloc      12%        2d5       47%         4
 Orb of Destruction       Conj           10%        9d6       100%        7
 Spellforged Servitor     Conj/Summ      6%         N/A       100%        7


Dungeon Overview and Level Annotations

Branches:
Dungeon (2/15)

Altars:
Ashenzari

Annotations:
D:2 Crazy Yiuf


Innate Abilities, Weirdness & Mutations

You are very small and have problems with some larger weapons.
You are too small for most types of armour.
You have supernaturally acute eyesight. (SInv)
You cover ground extremely quickly. (Speed+++)


Message History

You hit Crazy Yiuf but do no damage. Crazy Yiuf misses you.
You hit Crazy Yiuf.
Crazy Yiuf is lightly wounded.
Crazy Yiuf misses you.
Casting: Searing Ray (safe; 3% risk of failure)
Confirm with . or Enter, or press ? or * to list all spells.
Aiming: Searing Ray (safe; 3% risk of failure)
Press: ? - help, Shift-Dir - straight line, f - Crazy Yiuf
Aim: Crazy Yiuf, wielding a +4 quarterstaff of chaos and wearing a +0 cloak (lightly wounded, 81% to hit)
The searing ray hits Crazy Yiuf but does no damage.
Crazy Yiuf is lightly wounded. (Press . to maintain the ray.) Crazy Yiuf hits you with a +4 quarterstaff of chaos!
Ouch! That really hurt!
You easily resist.
The searing ray hits Crazy Yiuf!
Crazy Yiuf is heavily wounded.
Crazy Yiuf barely misses you.
The searing ray misses Crazy Yiuf.
Crazy Yiuf misses you.
The searing ray hits Crazy Yiuf.
Crazy Yiuf is heavily wounded.
You finish channelling your searing ray.
Crazy Yiuf completely misses you. Crazy Yiuf barely misses you.
Casting: Searing Ray (safe; 3% risk of failure)
Confirm with . or Enter, or press ? or * to list all spells.
Aiming: Searing Ray (safe; 3% risk of failure)
Press: ? - help, Shift-Dir - straight line, f/p - Crazy Yiuf
Aim: Crazy Yiuf, wielding a +4 quarterstaff of chaos and wearing a +0 cloak (heavily wounded, 81% to hit)
The searing ray hits Crazy Yiuf but does no damage.
Crazy Yiuf is heavily wounded. (Press . to maintain the ray.) Crazy Yiuf barely misses you.
The searing ray hits Crazy Yiuf.
Crazy Yiuf is almost dead.
Crazy Yiuf completely misses you.
The searing ray misses Crazy Yiuf.
Crazy Yiuf hits you with a +4 quarterstaff of chaos!
Ouch! That really hurt!
You die...

# ##...##.# #
#.)...#.# #
#..<....# #
#....#### # ##...# #
##..##♣♣♣♣♣ #
##.......♣.♣♣♣ ### #
#..#......♣..♣#...#
#
##........♣♣♣♣@g...#
###........♣♣
♣♣#..)# ##.#.#.###♣♣
### #.##.#..#
.......## #.##.##.#
##.#.#.##
##...###########
##......).....#


You could see Crazy Yiuf.

Vanquished Creatures
  Sigmund (D:2)
  Jessica (D:2)
  A worm (D:2)
  A dart slug (D:1)
  3 ball pythons
  7 endoplasms
  A giant cockroach (D:1)
  2 goblins (D:1)
  A hobgoblin (D:1)
  6 kobolds
  A quokka (D:1)
  4 bats
  2 frilled lizards (D:1)
  3 rats
34 creatures vanquished.

Notes
Turn   | Place    | Note
-------+----------+-------------------------------------------
     0 | D:1      | javelincjr the Spriggan Conjurer began the quest for the
                  | Orb.
     0 | D:1      | Reached XP level 1. HP: 9/9 MP: 5/5
   281 | D:1      | Reached XP level 2. HP: 13/13 MP: 1/6
   859 | D:1      | Reached XP level 3. HP: 16/16 MP: 5/8
  1015 | D:2      | Noticed Jessica
  1020 | D:2      | Learned a level 2 spell: Searing Ray
  1024 | D:2      | Killed Jessica
  1263 | D:2      | Found a faded altar of an unknown god.
  1294 | D:2      | Found a broken altar of Ashenzari.
  1349 | D:2      | Noticed Sigmund
  1648 | D:2      | Killed Sigmund
  1649 | D:2      | Reached XP level 4. HP: 10/21 MP: 1/11
  1649 | D:2      | Reached XP level 5. HP: 12/24 MP: 1/12
  1846 | D:2      | Found a runed translucent door.
  1847 | D:2      | Noticed Crazy Yiuf
  1861 | D:2      | Mangled by Crazy Yiuf

Illustrated notes

Levels and vault maps discovered:
D:1:      lordsloth_arrival_two_stooges, layout_rooms
D:2:      layout_loops_ring, hellmonk_ecumenical_altar_run_dry, basic_altar,
          uniq_sigmund, uniq_jessica, uniq_crazy_yiuf_cottage

Skill      XL: |  1  2  3 |
---------------+----------+-----
Conjurations   | 3 4 |  4.4
Spellcasting   | 3 4 |  4.4
Dodging        | 3 |  3.2
Short Blades   | |  0.3
Stealth        | |  3.5

Action                   |  1- 3 |  4- 6 || total
-------------------------+-------+-------++-------
Melee: Unarmed           |     1 |       ||     1
       Short sword       |     1 |     3 ||     4
Throw: Stone             |     3 |       ||     3
 Cast: Magic Dart        |    66 |       ||    66
       Searing Ray       |     4 |     2 ||     6
  Use: Scroll            |       |     7 ||     7
Dodge: Dodged            |     8 |     9 ||    17
